[ AOE2 MATCH · #495352192 ]
UnrankedSlavs vs Japanese
Player's team · WIN
Rival team · LOSS
[ REPLAY ANALYSIS · EXTRACTED FROM THE RECORDED GAME ]
Feudal
8:51
Castle
21:17
Imperial
—
| APM avg | 50.4 |
| APM peak | 94 |
| eAPM avg | 24.0 |
| Villagers / military | 77 / 39 |
Focus
⚔️ 34.5% · 🌾 65.5%
Knight ×23 · Archer ×5 · Scout Cavalry ×5 · Mangonel ×4 · Scorpion ×1 · Spearman ×1
Feudal
9:06
Castle
22:49
Imperial
—
| APM avg | 53.8 |
| APM peak | 87 |
| eAPM avg | 27.4 |
| Villagers / military | 54 / 108 |
Focus
⚔️ 50.7% · 🌾 49.3%
Archer ×84 · Spearman ×13 · Militia ×9 · Monk ×2
Match map
Initial resources + every placement click. Lines = walls · curves = elevation contours. ◆ gold · ⬟ stone · ● berries · ✦ relic · ◌ wall gap
Your base· Open — unwalled flank
nW | AtilA's base· Open — unwalled flank
Smoothed initial terrain · ◌ = detected wall gap · hover for details
Inputs per minute
— buddybadi - - nW | AtilA
Build order — buddybadi
First 150 of 221 actions detected
| 0:01 | Create | Villager (Male) |
| 0:01 | Create | Villager (Male) |
| 0:01 | Create | Villager (Male) |
| 0:02 | Create | Villager (Male) |
| 0:03 | Build | House |
| 0:04 | Build | House |
| 1:37 | Create | Villager (Male) |
| 1:51 | Create | Villager (Male) |
| 2:09 | Build | Mill |
| 2:22 | Create | Villager (Male) |
| 2:52 | Create | Villager (Male) |
| 3:12 | Create | Villager (Male) |
| 3:23 | Build | House |
| 3:33 | Create | Villager (Male) |
| 4:01 | Create | Villager (Male) |
| 4:16 | Create | Villager (Male) |
| 4:37 | Create | Villager (Male) |
| 4:59 | Build | Lumber Camp |
| 5:05 | Create | Villager (Male) |
| 5:35 | Create | Villager (Male) |
| 5:39 | Build | Palisade Wall |
| 5:54 | Research | Loom |
| 6:40 | Research | Feudal Age |
| 6:40 | Research | Feudal Age |
| 7:13 | Build | Palisade Wall |
| 7:38 | Build | Barracks |
| 8:00 | Build | Palisade Wall |
| 8:29 | Create | Villager (Male) |
| 8:51 | Age | Feudal Age |
| 8:54 | Build | Stable |
| 9:04 | Research | Double-Bit Axe |
| 9:06 | Create | Villager (Male) |
| 9:32 | Create | Villager (Male) |
| 9:39 | Create | Scout Cavalry |
| 9:43 | Create | Spearman |
| 9:48 | Create | Villager (Male) |
| 9:55 | Build | Mill |
| 9:59 | Create | Scout Cavalry |
| 10:08 | Build | Farm |
| 10:18 | Create | Villager (Male) |
| 10:35 | Build | House |
| 10:38 | Build | Palisade Wall |
| 10:39 | Create | Villager (Male) |
| 10:43 | Build | Farm |
| 10:43 | Build | Farm |
| 10:55 | Create | Villager (Male) |
| 11:09 | Create | Scout Cavalry |
| 11:12 | Build | Farm |
| 11:16 | Build | Palisade Wall |
| 11:43 | Create | Villager (Male) |
| 11:50 | Build | House |
| 12:01 | Create | Villager (Male) |
| 12:01 | Create | Villager (Male) |
| 12:25 | Build | House |
| 12:31 | Build | Farm |
| 12:33 | Build | Farm |
| 12:36 | Create | Scout Cavalry |
| 12:38 | Build | House |
| 12:57 | Build | Farm |
| 12:59 | Create | Scout Cavalry |
| 13:00 | Create | Villager (Male) |
| 13:14 | Research | Horse Collar |
| 13:25 | Create | Villager (Male) |
| 13:28 | Build | House |
| 13:30 | Build | House |
| 13:32 | Build | House |
| 13:50 | Create | Villager (Male) |
| 13:53 | Build | Mining Camp |
| 14:27 | Create | Villager (Male) |
| 14:39 | Build | Palisade Wall |
| 14:41 | Build | Palisade Wall |
| 14:43 | Build | House |
| 14:48 | Build | Archery Range |
| 14:50 | Create | Villager (Male) |
| 14:54 | Build | Archery Range |
| 15:01 | Build | Farm |
| 15:07 | Build | Farm |
| 15:08 | Create | Villager (Male) |
| 15:30 | Create | Archer |
| 15:34 | Create | Villager (Male) |
| 15:38 | Build | House |
| 15:42 | Build | Blacksmith |
| 15:53 | Build | Farm |
| 15:55 | Create | Villager (Male) |
| 15:56 | Create | Archer |
| 16:12 | Build | Watch Tower |
| 16:17 | Build | House |
| 16:21 | Create | Villager (Male) |
| 16:33 | Build | House |
| 16:35 | Create | Villager (Male) |
| 17:03 | Create | Villager (Male) |
| 17:05 | Create | Archer |
| 17:27 | Research | Fletching |
| 17:31 | Build | House |
| 17:43 | Create | Villager (Male) |
| 18:08 | Create | Archer |
| 18:09 | Create | Villager (Male) |
| 18:36 | Research | Castle Age |
| 18:37 | Research | Castle Age |
| 18:54 | Build | Farm |
| 18:57 | Create | Archer |
| 19:01 | Build | Farm |
| 19:08 | Research | Scale Barding Armor |
| 19:17 | Build | Farm |
| 20:30 | Build | Stable |
| 20:31 | Research | Bloodlines |
| 20:32 | Build | Farm |
| 20:37 | Create | Villager (Male) |
| 20:38 | Build | Farm |
| 20:40 | Build | Farm |
| 20:48 | Research | Gold Mining |
| 20:56 | Build | Farm |
| 21:17 | Age | Castle Age |
| 21:21 | Create | Knight |
| 21:22 | Create | Knight |
| 21:25 | Create | Knight |
| 21:27 | Build | Farm |
| 21:29 | Research | Bow Saw |
| 21:30 | Create | Villager (Male) |
| 21:47 | Create | Knight |
| 21:47 | Create | Knight |
| 22:05 | Create | Villager (Male) |
| 22:06 | Create | Knight |
| 22:06 | Create | Knight |
| 22:16 | Create | Villager (Male) |
| 22:44 | Build | Town Center |
| 22:49 | Create | Villager (Male) |
| 22:52 | Create | Knight |
| 22:52 | Create | Knight |
| 23:13 | Create | Villager (Male) |
| 23:20 | Build | Farm |
| 23:21 | Build | Farm |
| 23:21 | Build | Farm |
| 23:36 | Create | Villager (Male) |
| 23:42 | Build | Siege Workshop |
| 23:53 | Build | Siege Workshop |
| 24:03 | Create | Villager (Male) |
| 24:04 | Build | Farm |
| 24:05 | Build | Farm |
| 24:10 | Create | Villager (Male) |
| 24:15 | Research | Town Watch |
| 24:18 | Create | Knight |
| 24:19 | Create | Knight |
| 24:21 | Create | Villager (Male) |
| 24:26 | Create | Villager (Male) |
| 24:42 | Create | Villager (Male) |
| 25:12 | Create | Knight |
| 25:13 | Create | Knight |
| 25:14 | Create | Scorpion |
| 25:16 | Create | Mangonel |
Build order — nW | AtilA
First 150 of 228 actions detected
| 0:00 | Create | Villager (Male) |
| 0:01 | Create | Villager (Male) |
| 0:01 | Create | Villager (Male) |
| 0:01 | Create | Villager (Male) |
| 0:02 | Build | House |
| 0:04 | Build | House |
| 1:28 | Create | Villager (Male) |
| 1:45 | Build | Lumber Camp |
| 1:52 | Create | Villager (Male) |
| 2:28 | Create | Villager (Male) |
| 2:28 | Create | Villager (Male) |
| 2:43 | Create | Villager (Male) |
| 2:43 | Create | Villager (Male) |
| 3:06 | Build | House |
| 3:11 | Create | Villager (Male) |
| 3:12 | Create | Villager (Male) |
| 3:54 | Create | Villager (Male) |
| 4:02 | Create | Villager (Male) |
| 4:03 | Create | Villager (Male) |
| 4:43 | Create | Villager (Male) |
| 4:44 | Create | Villager (Male) |
| 4:52 | Build | Barracks |
| 5:14 | Create | Villager (Male) |
| 5:14 | Create | Villager (Male) |
| 5:27 | Build | House |
| 5:40 | Create | Villager (Male) |
| 5:55 | Create | Villager (Male) |
| 6:17 | Build | Palisade Wall |
| 6:56 | Research | Feudal Age |
| 6:56 | Research | Feudal Age |
| 7:11 | Build | House |
| 7:12 | Build | Palisade Wall |
| 7:21 | Create | Militia |
| 7:21 | Create | Militia |
| 7:21 | Create | Militia |
| 7:21 | Create | Militia |
| 7:43 | Build | Palisade Wall |
| 7:46 | Create | Militia |
| 8:31 | Build | Mill |
| 8:34 | Create | Militia |
| 8:42 | Build | House |
| 8:51 | Build | House |
| 9:06 | Age | Feudal Age |
| 9:06 | Research | Man-at-Arms (upgrade) |
| 9:07 | Research | Man-at-Arms (upgrade) |
| 9:09 | Research | Double-Bit Axe |
| 9:09 | Research | Double-Bit Axe |
| 9:09 | Create | Villager (Male) |
| 9:31 | Create | Villager (Male) |
| 9:51 | Build | Watch Tower |
| 9:59 | Create | Villager (Male) |
| 10:26 | Create | Villager (Male) |
| 10:30 | Build | Blacksmith |
| 10:40 | Create | Villager (Male) |
| 10:44 | Build | Farm |
| 11:11 | Create | Villager (Male) |
| 11:34 | Create | Villager (Male) |
| 11:44 | Build | Palisade Wall |
| 11:46 | Build | Palisade Wall |
| 11:49 | Create | Villager (Male) |
| 12:13 | Create | Militia |
| 12:13 | Create | Militia |
| 12:35 | Build | House |
| 12:39 | Build | House |
| 12:44 | Build | House |
| 12:47 | Create | Villager (Male) |
| 12:52 | Create | Spearman |
| 12:55 | Build | Farm |
| 12:57 | Build | Farm |
| 13:12 | Build | House |
| 13:15 | Research | Loom |
| 13:21 | Build | Farm |
| 13:33 | Build | Farm |
| 13:33 | Create | Villager (Male) |
| 13:33 | Create | Villager (Male) |
| 13:38 | Build | Mill |
| 13:57 | Create | Militia |
| 14:03 | Build | Farm |
| 14:06 | Research | Scale Mail Armor |
| 14:13 | Create | Spearman |
| 14:15 | Build | Palisade Wall |
| 14:16 | Build | Palisade Wall |
| 14:17 | Build | Palisade Wall |
| 14:38 | Build | Watch Tower |
| 14:40 | Build | Palisade Wall |
| 14:41 | Build | Palisade Wall |
| 14:42 | Build | Palisade Wall |
| 14:44 | Build | Palisade Wall |
| 14:48 | Create | Villager (Male) |
| 14:50 | Build | Farm |
| 15:19 | Create | Villager (Male) |
| 15:28 | Create | Villager (Male) |
| 15:30 | Build | Farm |
| 15:31 | Build | Farm |
| 15:37 | Create | Villager (Male) |
| 15:47 | Build | Archery Range |
| 15:49 | Create | Villager (Male) |
| 15:57 | Build | Palisade Wall |
| 16:04 | Create | Villager (Male) |
| 16:06 | Create | Villager (Male) |
| 17:00 | Create | Villager (Male) |
| 17:03 | Build | Lumber Camp |
| 17:03 | Create | Archer |
| 17:03 | Create | Archer |
| 17:06 | Build | House |
| 17:09 | Build | Mining Camp |
| 17:29 | Build | Palisade Wall |
| 17:53 | Build | Palisade Wall |
| 18:09 | Create | Archer |
| 18:13 | Create | Villager (Male) |
| 18:14 | Build | Farm |
| 18:17 | Build | Mining Camp |
| 18:23 | Build | Palisade Wall |
| 18:25 | Create | Archer |
| 18:32 | Build | House |
| 18:33 | Build | House |
| 18:47 | Build | Farm |
| 19:01 | Build | Palisade Wall |
| 19:07 | Build | Archery Range |
| 19:08 | Build | Palisade Wall |
| 19:15 | Create | Archer |
| 19:31 | Build | House |
| 19:42 | Build | House |
| 20:09 | Research | Castle Age |
| 20:09 | Create | Archer |
| 20:32 | Create | Archer |
| 20:36 | Build | Archery Range |
| 20:38 | Create | Archer |
| 20:40 | Research | Gold Mining |
| 20:49 | Create | Archer |
| 20:51 | Create | Archer |
| 20:56 | Build | House |
| 20:58 | Build | House |
| 20:59 | Build | Palisade Wall |
| 21:14 | Create | Archer |
| 21:15 | Create | Archer |
| 21:18 | Create | Archer |
| 21:18 | Create | Archer |
| 21:52 | Create | Archer |
| 21:53 | Create | Archer |
| 21:56 | Create | Archer |
| 22:01 | Research | Fletching |
| 22:13 | Build | Farm |
| 22:23 | Create | Archer |
| 22:49 | Age | Castle Age |
| 22:53 | Build | University |
| 22:56 | Research | Bodkin Arrow |
| 22:56 | Research | Bodkin Arrow |
| 23:06 | Research | Crossbowman (upgrade) |
| 23:07 | Research | Crossbowman (upgrade) |
Match timeline
| 4:52 | nW | AtilA · first_building Barracks |
| 5:39 | buddybadi · wall_segment Palisade Wall x1 |
| 6:17 | nW | AtilA · wall_segment Palisade Wall x2 |
| 7:12 | nW | AtilA · wall_segment Palisade Wall x6 |
| 7:13 | buddybadi · wall_segment Palisade Wall x8 |
| 7:38 | buddybadi · first_building Barracks |
| 7:43 | nW | AtilA · wall_segment Palisade Wall x1 |
| 8:00 | buddybadi · wall_segment Palisade Wall x2 |
| 8:51 | buddybadi · age_up feudal |
| 8:54 | buddybadi · first_building Stable |
| 9:06 | nW | AtilA · age_up feudal |
| 10:38 | buddybadi · wall_segment Palisade Wall x5 |
| 11:16 | buddybadi · wall_segment Palisade Wall x1 |
| 11:44 | nW | AtilA · wall_segment Palisade Wall x1 |
| 11:46 | nW | AtilA · wall_segment Palisade Wall x1 |
| 14:15 | nW | AtilA · wall_segment Palisade Wall x1 |
| 14:16 | nW | AtilA · wall_segment Palisade Wall x1 |
| 14:17 | nW | AtilA · wall_segment Palisade Wall x1 |
| 14:39 | buddybadi · wall_segment Palisade Wall x1 |
| 14:40 | nW | AtilA · wall_segment Palisade Wall x1 |
| 14:41 | buddybadi · wall_segment Palisade Wall x1 |
| 14:41 | nW | AtilA · wall_segment Palisade Wall x1 |
| 14:42 | nW | AtilA · wall_segment Palisade Wall x1 |
| 14:44 | nW | AtilA · wall_segment Palisade Wall x1 |
| 14:48 | buddybadi · first_building Archery Range |
| 15:47 | nW | AtilA · first_building Archery Range |
| 15:57 | nW | AtilA · wall_segment Palisade Wall x1 |
| 17:29 | nW | AtilA · wall_segment Palisade Wall x10 |
| 17:53 | nW | AtilA · wall_segment Palisade Wall x1 |
| 18:23 | nW | AtilA · wall_segment Palisade Wall x1 |
| 19:01 | nW | AtilA · wall_segment Palisade Wall x18 |
| 19:08 | nW | AtilA · wall_segment Palisade Wall x1 |
| 20:59 | nW | AtilA · wall_segment Palisade Wall x1 |
| 21:17 | buddybadi · age_up castle |
| 22:49 | nW | AtilA · age_up castle |
| 23:42 | buddybadi · first_building Siege Workshop |
| 23:54 | nW | AtilA · wall_segment Palisade Wall x2 |
| 26:06 | nW | AtilA · first_building Monastery |
| 26:39 | buddybadi · first_market_buy 100 stone |
| 28:29 | nW | AtilA · first_building Siege Workshop |
| 31:30 | nW | AtilA · resign |
[ AI ANALYSIS · 1 CREDIT ]
What really happened in this match?
Wolo.gg analyzes every decision: build order, eco, micro, common mistakes by bracket. Personalized analysis on WhatsApp or Discord in 30 seconds.
Civ guide
Slavs
Perfil
Jugador #8335776